 Seeded DCSS version 0.30.1-11-g7821555f0a (webtiles) character file.

Game seed: 430007637681659361 (custom seed)

3378 strifetoe the Fighter (level 10, -3/104 HPs)
             Began as an Ogre Fire Elementalist on Nov 10, 2023.
             Was an Elder of Trog.
             Slain by a vampire mosquito (9 damage)
             ... on level 7 of the Dungeon.
             The game lasted 00:12:26 (7757 turns).

strifetoe the Fighter (Ogre Fire Elementalist)      Turns: 7757, Time: 00:12:28

Health: -3/104     AC:  8    Str: 18    XL:     10   Next: 3%
Magic:  13/13      EV: 13    Int: 18    God:    Trog [****..]
Gold:   1023       SH:  0    Dex: 17    Spells: 9/13 levels left

rFire   . . .        g - +2 whip (elec)
rCold   + + +        (no shield)
rNeg    . . .        q - +4 skin of Zhor {*Englaciate rC+++ SInv}
rPois   +            (helmet restricted)
rElec   .            y - +0 cloak {rPois}
rCorr   .            (gloves unavailable)
SInv    +            (boots unavailable)
Will    +....        o - amulet of the Delightful God {Acrobat Fragile rPois Int+2 Dex+8}
Stlth   ++           (no ring)
HPRegen 0.37/turn    (no ring)
MPRegen 0.13/turn

%: acrobat
@: no status effects
A: large, unfitting armour, tough skin 1
a: Renounce Religion, Berserk, Trog's Hand, Brothers in Arms


You were on level 7 of the Dungeon.
You worshipped Trog.
Trog was greatly pleased with you.
You visited 1 branch of the dungeon, and saw 7 of its levels.

You collected 1023 gold pieces.

Inventory:

Hand Weapons
 g - a +2 whip of electrocution (weapon)
 p - a +2 spectral giant spiked club
Missiles
 h - 4 throwing nets
Armour
 q - the +4 skin of Zhor (worn) {*Englaciate rC+++ SInv}
   (You acquired it on level 2 of the Dungeon)

   *Englaciate: It radiates cold, occasionally slowing all nearby creatures who
   are not resistant to cold.
   rC:        It renders you almost immune to cold.
   SInv:      It lets you see invisible.
 y - a +0 cloak of poison resistance (worn)
Jewellery
 o - the amulet of the Delightful God (around neck) {Acrobat Fragile rPois Int+2 Dex+8}
   (You acquired it on level 2 of the Dungeon)

   [amulet of the acrobat]

   It increases your evasion while moving and waiting.
   Int:       It affects your intelligence (+2).
   Dex:       It affects your dexterity (+8).
   rPois:     It protects you from poison.
   Fragile:   It will be destroyed if unequipped.
 r - a ring of flight
 u - an amulet of the acrobat
Wands
 f - a wand of flame (39)
Scrolls
 a - 2 scrolls of teleportation
 c - 2 scrolls of noise
 e - a scroll of fear
 j - a scroll of blinking
 l - 2 scrolls of identify
Potions
 b - 2 potions of magic
 d - 2 potions of might
 i - a potion of degeneration {unknown}
 k - 2 potions of attraction
 m - 7 potions of curing
 n - a potion of ambrosia
 s - 2 potions of heal wounds
 t - a potion of invisibility
 w - a potion of mutation
 z - a potion of brilliance {unknown}
 A - a potion of berserk rage


   Skills:
 - Level 8.2 Fighting
 + Level 7.8 Maces & Flails
 + Level 5.0 Armour
 + Level 5.9 Dodging
 - Level 1.4 Stealth
 - Level 2.4 Spellcasting
 - Level 0.8 Conjurations
 - Level 2.6 Fire Magic


You had 9 spell levels left.
You knew the following spells:

 Your Spells              Type           Power      Damage    Failure   Level
a - Foxfire               Conj/Fire      32%        2x1d5     9%          1
c - Stone Arrow           Conj/Erth      6%         3d7       41%         3

Your spell library contained the following spells:

 Spells                   Type           Power      Damage    Failure   Level
 Scorch                   Fire           22%        2d5       9%          2
 Sandblast                Erth           4%         2d4       17%         1
 Passwall                 Tmut/Erth      1%         N/A       26%         2
 Inner Flame              Hex/Fire       7%         N/A       30%         3
 Volatile Blastmotes      Fire/Tloc      14%        2d11      30%         3
 Flame Wave               Conj/Fire      8%         2d5       63%         4


Dungeon Overview and Level Annotations

Branches:
Dungeon (7/15)             Temple (0/1) D:4

Altars:
Ashenzari
Dithmenos
Kikubaaqudgha
Nemelex Xobeh
Trog
Wu Jian
Yredelemnul

Shops:
D:6 !


Innate Abilities, Weirdness & Mutations

You are too large for most types of armour.
You have tough skin. (AC +1)


Message History

You barely miss the vampire mosquito.
The vampire mosquito is moderately damaged.
The vampire mosquito misses you.
You miss the vampire mosquito.
The vampire mosquito is moderately damaged.
The vampire mosquito bites you!
* * * LOW HITPOINT WARNING * * *
The vampire mosquito draws strength from your injuries!
Unknown command.
You hit the vampire mosquito but do no damage.
Lightning courses through the vampire mosquito!
The vampire mosquito is moderately damaged.
You radiate an aura of cold.
The vampire mosquito seems to slow down. x2
The vampire mosquito completely misses you.
You hit the vampire mosquito but do no damage.
The vampire mosquito is moderately damaged.
The vampire mosquito bites you!
* * * LOW HITPOINT WARNING * * *
The vampire mosquito draws strength from your injuries!
You whack the vampire mosquito!
The vampire mosquito is moderately damaged.
The vampire mosquito closely misses you.
Unknown command.
You miss the vampire mosquito.
The vampire mosquito is moderately damaged.
Unknown command.
You closely miss the vampire mosquito.
The vampire mosquito is moderately damaged.
The vampire mosquito bites you.
* * * LOW HITPOINT WARNING * * *
The vampire mosquito draws strength from your injuries!
You closely miss the vampire mosquito.
The vampire mosquito is moderately damaged.
The vampire mosquito barely misses you.
Unknown command.
You closely miss the vampire mosquito.
The vampire mosquito is moderately damaged.
The vampire mosquito bites you!
You die...

#.# #.# #. ## #.# #.#
#.# #.# ####.###
#.####.# ##......#
###.....# ##.....#.#
###.#.######
##........####..#.#.##
.........yy@....####.##
#........###..## ##.#
#......#.# ##.## ##.##
#.#......# ##.###.##
#......### ##.#.##
###.#### ##.## #. ### #


You could see 2 vampire mosquitoes.

Vanquished Creatures
  Prince Ribbit (D:7)
  A shadow (D:4)
  A wyvern (D:7)
  A steam dragon (D:5)
  2 vampire mosquitoes (D:7)
  Menkaure (D:6)
  2 water moccasins (D:6)
  Duvessa (D:4)
  An ice beast (D:7)
  2 sky beasts
  An ogre (D:5)
  2 centaurs (D:6)
  A kobold brigand (D:6)
  Blork the orc (D:6)
  6 bullfrogs
  4 wights (D:6)
  Dowan (D:4)
  A howler monkey (D:4)
  A jelly (D:7)
  An orc priest (D:3)
  4 hounds
  Crazy Yiuf (D:5)
  A gnoll bouda (D:5)
  Terence (D:2)
  3 iguanas
  3 orc wizards
  Robin (D:4)
  8 adders
  12 gnolls
  2 white imps
  An ufetubus (D:5)
  3 worms
  4 dart slugs
  18 orcs
  6 endoplasms
  8 giant cockroaches
  15 goblins
  13 hobgoblins
  5 jackals
  5 quokkas
  12 ball pythons
  10 bats
  A frilled lizard (D:1)
  7 kobolds
  5 rats
181 creatures vanquished.

Vanquished Creatures (others)
  47 foxfires
47 creatures vanquished.

Grand Total: 228 creatures vanquished

Notes
Turn   | Place    | Note
-------+----------+-------------------------------------------
     0 | D:1      | strifetoe the Ogre Fire Elementalist began the quest for
                  | the Orb.
     0 | D:1      | Reached XP level 1. HP: 16/16 MP: 3/3
    23 | D:1      | Reached skill level 1 in Fighting
   200 | D:1      | Reached skill level 2 in Fighting
   239 | D:1      | Reached XP level 2. HP: 13/28 MP: 1/5
   557 | D:1      | Reached skill level 3 in Fighting
   565 | D:2      | Noticed Terence
   570 | D:2      | Learned a level 2 spell: Scorch
   576 | D:2      | Reached XP level 3. HP: 37/37 MP: 1/6
   638 | D:1      | Reached skill level 1 in Maces & Flails
  1092 | D:2      | Reached XP level 4. HP: 46/48 MP: 5/7
  1162 | D:2      | Found an ancient bone altar of Kikubaaqudgha.
  1258 | D:2      | Identified 4 scrolls of acquirement
  1258 | D:2      | Acquired a +2 spectral giant spiked club
  1260 | D:2      | Acquired 734 gold pieces
  1262 | D:2      | Acquired the +4 skin of Zhor {*Englaciate rC+++ SInv}
  1262 | D:2      | Found the +4 skin of Zhor {*Englaciate rC+++ SInv}
  1264 | D:2      | Acquired the amulet of the Delightful God {Acrobat Fragile
                  | rPois Int+2 Dex+8}
  1475 | D:1      | Learned a level 3 spell: Stone Arrow
  1502 | D:2      | Killed Terence
  1503 | D:2      | Reached skill level 4 in Fighting
  1781 | D:2      | Found a faded altar of an unknown god.
  1789 | D:2      | Prayed at the altar of an unknown god.
  1789 | D:2      | Became a worshipper of Trog the Wrathful
  1789 | D:2      | Reached * piety under Trog
  1871 | D:3      | Found a bloodstained altar of Trog.
  1871 | D:3      | Found an ornate altar of the Wu Jian Council.
  2018 | D:3      | Reached XP level 5. HP: 54/55 MP: 8/8
  2103 | D:3      | Reached skill level 5 in Fighting
  2119 | D:3      | Found a basalt altar of Yredelemnul.
  2252 | D:3      | Reached ** piety under Trog
  2557 | D:3      | Reached XP level 6. HP: 66/66 MP: 9/9
  2921 | D:3      | Found a sparkling altar of Nemelex Xobeh.
  3059 | D:4      | Found a staircase to the Ecumenical Temple.
  3112 | D:4      | Noticed Duvessa
  3113 | D:4      | Noticed Dowan
  3136 | D:4      | Killed Duvessa
  3137 | D:4      | Reached skill level 6 in Fighting
  3147 | D:4      | Killed Dowan
  3578 | D:4      | Reached XP level 7. HP: 76/76 MP: 10/10
  3832 | D:4      | Reached skill level 7 in Fighting
  4076 | D:4      | Noticed Robin
  4091 | D:4      | Reached *** piety under Trog
  4110 | D:4      | Killed Robin
  4280 | D:5      | Entered Level 5 of the Dungeon
  4667 | D:5      | Noticed a steam dragon
  4690 | D:5      | Killed a steam dragon
  4691 | D:5      | Reached skill level 8 in Fighting
  4691 | D:5      | Reached skill level 5 in Maces & Flails
  4691 | D:5      | Reached XP level 8. HP: 37/88 MP: 11/11
  4863 | D:5      | Noticed a shadow
  4883 | D:4      | Killed a shadow
  4884 | D:4      | Reached skill level 1 in Armour
  5653 | D:5      | Found a runed translucent door.
  5654 | D:5      | Noticed Crazy Yiuf
  6165 | D:5      | Killed Crazy Yiuf
  6349 | D:6      | Reached XP level 9. HP: 95/96 MP: 12/12
  6405 | D:6      | Found Ybrut's Distillery.
  6438 | D:6      | Found a broken altar of Ashenzari.
  6457 | D:6      | Noticed Blork the orc
  6467 | D:6      | Killed Blork the orc
  6613 | D:6      | Noticed Menkaure
  6622 | D:6      | Killed Menkaure
  7328 | D:7      | Noticed Prince Ribbit
  7340 | D:7      | Killed Prince Ribbit
  7341 | D:7      | Reached skill level 5 in Dodging
  7462 | D:7      | Found a shadowy altar of Dithmenos.
  7582 | D:7      | Reached **** piety under Trog
  7746 | D:7      | Reached skill level 5 in Armour
  7746 | D:7      | Reached XP level 10. HP: 29/104 MP: 13/13
  7757 | D:7      | Slain by a vampire mosquito

Illustrated notes

Levels and vault maps discovered:
D:1:      wander_arrival_chamber, layout_basic, kennysheep_boxes
D:2:      layout_rooms, dilly_ecumenical_altar_fadedgnrine, basic_altar,
          uniq_terence
D:3:      layout_basic, mainiacjoe_overflow_swirl, jmf_multi_god_temple,
          minmay_puff
D:4:      layout_loops_corners, minmay_temple_entry_junction_2,
          minmay_joined_circles, uniq_robin, uniq_duvessa
D:5:      layout_layer_cave, uniq_crazy_yiuf_cottage
D:6:      layout_rooms, mainiacjoe_overflow_catwalk, serial_shops,
          nicolae_shop_statue_plus, serial_park_tiny_1, uniq_blork_the_orc,
          uniq_menkaure
D:7:      layout_loops_cross, mainiacjoe_overflow_surrounded_room,
          mainiacjoe_overflow_alcove_4, uniq_prince_ribbit1

Skill      XL: |  1  2  3  4  5  6  7  8  9 |
---------------+----------------------------+-----
Fighting       | 2 3 4 5 6 8 |  8.2
Maces & Flails | 1 2 3 4 5 6 7 |  7.8
Armour         | 3 5 |  5.0
Dodging        | 3 5 |  5.9
Stealth        | |  1.4
Spellcasting   | |  2.4
Conjurations   | |  0.8
Fire Magic     | |  2.6

Action                     |  1- 3 |  4- 6 |  7- 9 | 10-12 || total
---------------------------+-------+-------+-------+-------++-------
  Melee: War axe           |    45 |    12 |       |       ||    57
         Unarmed           |    15 |       |       |       ||    15
         Punch             |     1 |     3 |     6 |       ||    10
         Whip              |       |   228 |   413 |    12 ||   653
   Cast: Foxfire           |    31 |     3 |       |       ||    34
         Scorch            |       |     2 |       |       ||     2
 Invoke: Berserk           |       |     1 |       |       ||     1
  Evoke: Wand              |       |       |     1 |       ||     1
    Use: Scroll            |       |    14 |     8 |       ||    22
         Potion            |       |     3 |       |       ||     3
   Stab: Sleeping          |       |     5 |     3 |       ||     8
         Distracted        |       |     1 |       |       ||     1
 Armour: Robe              |    46 |     3 |       |       ||    49
         Animal skin       |       |    70 |   146 |     1 ||   217
  Dodge: Dodged            |    52 |   104 |   248 |     5 ||   409
